AoeStats
← Lukan

Arabia

504356448Analyzed
1v1 RM · 2mo ago on Sep 5, 2026· 54m 44s· 2 players
Game mode
Random Map
Map size
Tiny (2 player)
Population
200
Speed
Normal
Resources
Standard
Victory
Conquest
Starting age
Dark Age
Ending age
Imperial Age
RankedLock teamsTeams togetherTeam positionsShared explorationLock speedFull tech treeHidden civsTurbo modeCheats
Victory
Defeat
🇨🇳 Jurchens · China
1172
+17
vs
🇵🇪 Spanish · Peru
1197
-17
老菜套
6:35 Loom
13:29 Feudal Age
14:12 Town Watch
14:13 Double-Bit Axe
22:15 Castle Age
21:08 Stone Mining
21:09 Gold Mining
21:03 Horse Collar
24:00 Scale Barding Armor
24:10 Bow Saw
26:36 Wheelbarrow
33:13 Gold Shaft Mining
32:41 Heavy Plow
36:28 Imperial Age
34:15 Fletching
34:25 Padded Archer Armor
35:54 Stone Shaft Mining
36:06 Hand Cart
37:13 Town Patrol
37:41 Bloodlines
38:47 Chain Barding Armor
38:52 Husbandry
39:04 Forging
39:16 Pikeman
41:07 Iron Casting
40:52 Squires
41:34 Scale Mail Armor
42:30 Conscription
42:57 Chain Mail Armor
43:43 Blast Furnace
42:39 Bodkin Arrow
43:01 Leather Archer Armor
43:56 Two-Man Saw
42:43 Light Cavalry
43:52 Capped Ram
45:46 Chemistry
44:48 Bracer
45:26 Plate Barding Armor
45:13 Leather Archer Armor
44:40 Siege Ram
45:30 Fortified Bastions
46:19 Elite Fire Lancer
47:53 Arson
47:31 Halberdier
48:14 Guard Tower
48:45 Ballistics
49:20 Ring Archer Armor
50:30 Keep
50:43 Thunderclap Bombs
49:55 Elite Iron Pagoda
50:53 Treadmill Crane
51:24 Masonry
53:46 Hoardings
54:52 Architecture
54:09 Arrowslits
54:30 Hussar
Lukan
6:26 Loom
9:06 Feudal Age
9:34 Double-Bit Axe
17:57 Town Watch
21:12 Castle Age
19:58 Man-at-Arms
20:52 Gold Mining
21:30 Scale Mail Armor
21:27 Horse Collar
21:23 Long Swordsman
22:44 Forging
25:04 Pikeman
26:43 Squires
31:08 Wheelbarrow
31:25 Bow Saw
31:20 Heavy Plow
31:54 Stone Mining
35:22 Fletching
39:50 Imperial Age
37:45 Hand Cart
38:59 Stone Shaft Mining
39:26 Town Patrol
40:02 Chain Mail Armor
41:18 Conscription
42:08 Chemistry
41:29 Ballistics
40:36 Halberdier
41:49 Plate Mail Armor
41:57 Iron Casting
43:31 Plate Mail Armor
44:15 Blast Furnace
43:37 Gambesons
44:19 Masonry
44:39 Fortified Wall
47:45 Bodkin Arrow
47:23 Elite Conquistador
49:16 Two-Man Saw
48:52 Padded Archer Armor
50:14 Leather Archer Armor
50:35 Onager
52:24 Supremacy
52:08 Onager
Connection lost

Rejoining the realm…

Still unreachable

The connection could not be restored.

Session expired

The server has moved on; the page needs a fresh start.